AoeStats
← phrzzi

Glade

503124339Analyzed
1v1 RM · 11d ago on Aug 30, 2026· 24m 16s· 2 players
Game mode
Random Map
Map size
Tiny (2 player)
Population
200
Speed
Normal
Resources
Standard
Victory
Conquest
Starting age
Dark Age
Ending age
Imperial Age
RankedLock teamsTeams togetherTeam positionsShared explorationLock speedFull tech treeHidden civsTurbo modeCheats
Victory
Defeat
🇧🇷 Bulgarians · Brazil
460
+16
🇩🇪 Franks · Germany
468
-16
phrzzi
7:36 Loom
10:34 Feudal Age
12:12 Double-Bit Axe
12:10 Horse Collar
16:58 Forging
18:24 Arson
18:57 Bloodlines
20:32 Wheelbarrow
23:13 Scale Mail Armor
23:19 Scale Barding Armor
persischer_elefant
0:43 Loom
12:53 Feudal Age
16:07 Double-Bit Axe
16:14 Stone Mining
22:05 Forging
22:14 Man-at-Arms
Connection lost

Rejoining the realm…

Still unreachable

The connection could not be restored.

Session expired

The server has moved on; the page needs a fresh start.